 Dungeon Crawl Stone Soup version 0.31-a0-1522-g43313d8a59 (webtiles) character file.

Game seed: 12630440036502079061

4879 whatisthis the Fighter (level 10, -2/132 HPs)
             Began as a Human Berserker on Dec 30, 2023.
             Was an Elder of Trog.
             Slain by Erolcha
             ... wielding a +0 giant club
              (19 damage)
             ... on level 9 of the Dungeon.
             The game lasted 00:24:42 (9131 turns).

whatisthis the Fighter (Human Berserker)            Turns: 9131, Time: 00:24:43

Health: -2/132     AC: 17    Str: 33    XL:     10   Next: 50%
Magic:  10/10      EV:  9    Int: 10    God:    Trog [****..]
Gold:   480        SH:  4    Dex: 13    Spells: 9/9 levels left

rFire   . . .        F - +0 broad axe
rCold   . . .        O - +0 buckler
rNeg    . . .        P - +0 chain mail "Picerrist" {Will+ Int+2}
rPois   .            B - +2 helmet
rElec   .            (no cloak)
rCorr   .            h - +0 pair of gloves
SInv    .            a - +2 pair of boots
Will    +++..        (no amulet) Stlth
                     v - +6 ring of strength
HPRegen 1.42/turn    L - +6 ring of strength
MPRegen 0.12/turn

%: no passive effects
@: berserking, strong-willed (expiring), regenerating (expiring), studying
Polearms, very quick
A: explore regen
a: Renounce Religion, Berserk, Trog's Hand, Brothers in Arms


You were on level 9 of the Dungeon.
You worshipped Trog.
Trog was greatly pleased with you.
You visited 1 branch of the dungeon, and saw 9 of its levels.

You collected 480 gold pieces.

Inventory:

Hand Weapons
 A - a +0 war axe
 F - a +0 broad axe (weapon)
 K - a +2 short sword of venom
Missiles
 g - 71 stones
 l - 6 boomerangs
 w - 19 poisoned darts (quivered)
 N - a throwing net
Armour
 a - a +2 pair of boots (worn)
 h - a +0 pair of gloves (worn)
 B - a +2 helmet (worn)
 O - a +0 buckler (worn)
 P - the +0 chain mail "Picerrist" (worn) {Will+ Int+2}
   (You found it on level 9 of the Dungeon)

   Int+2:     It affects your intelligence (+2).
   Will+:     It increases your willpower.
Jewellery
 v - a +6 ring of strength (left hand)
 L - a +6 ring of strength (right hand)
Wands
 d - a wand of polymorph (4)
 y - a wand of roots (11)
Scrolls
 c - a scroll of silence {unknown}
 f - 7 scrolls of identify {unknown}
 i - a scroll of enchant armour {unknown}
 j - 2 scrolls of acquirement {unknown}
 m - 3 scrolls of amnesia {unknown}
 n - 2 scrolls of poison {unknown}
 o - a scroll of revelation {unknown}
 p - 2 scrolls of teleportation {unknown}
 s - a scroll of noise {unknown}
 u - 2 scrolls of fog {unknown}
 x - a scroll of brand weapon {unknown}
 D - a scroll of vulnerability {unknown}
 E - a scroll of enchant weapon {unknown}
 J - 2 scrolls of fear {unknown}
Potions
 b - 2 potions of might {unknown}
 e - 4 potions of curing {unknown}
 k - a potion of mutation {unknown}
 q - 2 potions of magic {unknown}
 r - a potion of brilliance {unknown}
 t - a potion of cancellation {unknown}
 z - 3 potions of heal wounds {unknown}
 C - a potion of attraction {unknown}
 G - a potion of enlightenment {unknown}
 H - a potion of ambrosia {unknown}
 I - a potion of degeneration {unknown}


   Skills:
 + Level 11.2 Fighting
 - Level 10.3 Axes
 + Level 4.8 Armour
 - Level 2.0 Dodging


You had 9 spell levels left.
You didn't know any spells.
Your spell library was empty.

Dungeon Overview and Level Annotations

Branches:
Dungeon (9/15)             Temple (0/1) D:7
   Lair: D:8-11         Orc: D:9-12

Altars:
Ashenzari
Dithmenos
Elyvilon
Hepliaklqana
Kikubaaqudgha
Nemelex Xobeh
Okawaru
Qazlal
Ru
Uskayaw
Wu Jian
Yredelemnul

Shops:
D:9 !

Annotations:
D:6 2 transporters, Jeremiah
D:9 Erolcha


Innate Abilities, Weirdness & Mutations

You regain HP and MP as you explore.


Message History

You barely miss the killer bee. The killer bee stings you.
You are poisoned.
The killer bee poisons you! The killer bee barely misses you.
You miss the killer bee.
You feel sick.
The killer bee stings you but does no damage. x2
You barely miss the killer bee.
You feel sick. The killer bee barely misses you.
You block the killer bee's attack.
You hit the killer bee but do no damage.
You feel sick. The killer bee completely misses you.
The killer bee stings you but does no damage.
You barely miss the killer bee.
You feel sick. You block the killer bee's attack. The killer bee stings you.
You hit the killer bee.
The killer bee is moderately wounded.
You feel sick.
The killer bee stings you but does no damage. x2
You hit the killer bee.
The killer bee is poisoned.
The killer bee is severely wounded.
You feel sick.
You kill the killer bee!
Trog accepts your kill.
You hit something.
You feel sick.
You are no longer poisoned.
Something hits you!!
You hit something. Something hits you!
Your +2 short sword of venom stops dripping with poison.
F - a +0 broad axe (weapon)
A red film seems to cover your vision as you go berserk!
You feel yourself moving faster!
You feel mighty!
You feel the effects of Trog's Hand fading.
Something hits you!
You slash something! You closely miss something. Something hits you!!
* * * LOW HITPOINT WARNING * * *
You closely miss something. You hit something. Something hits you!
* * * LOW HITPOINT WARNING * * *
You slash something! You hit something but do no damage. Something hits you!!
You die...

.<...##.......## ##
..).##..#...#..#################.
...##..#.#)#.#..##...............
####..#..)#...#..##..<...........
.##..#.#.#.#.#.#..##.............
##..#)..#.♣.#...#..######'#...###
#..#.#.#.#.#.#.#.#..#.....#...# #
#.#...#...#...#...#.#.....###.#
'..#.#.#.#.#.#.#@#..'.......#.#
'...#.♣.#.♣.#.♣{#...'.......#.#
'..#.#.#.#.#.#.#.#..''#######.#
#.#...#...#...#...#.#.........#
#..#.#.#.#.#.#.#.#..#.........#
##..#...#.♣.#...#..##.......###
.##..#.#.#.#.#.#..##........# ..
#..#...#...#..##........)# '#
#..#.#. .#..##..........#


There were no monsters in sight!

Vanquished Creatures
  A two-headed ogre (D:9)
  Grinder (D:4)
  A vampire (D:9)
  Menkaure (D:6)
  Edmund (D:4)
  A water moccasin (D:7)
  3 orc warriors
  5 ice beasts
  A black bear (D:7)
  3 ogres (D:5)
  4 centaurs
  A kobold brigand (D:8)
  2 bullfrogs (D:8)
  2 gnoll sergeants (D:8)
  4 scorpions
  Blork the orc (D:4)
  9 wights
  10 killer bees
  4 hounds
  4 orc priests
  A bombardier beetle (D:3)
  2 iguanas (D:7)
  2 orc wizards
  Robin (D:4)
  13 gnolls
  5 adders
  A shadow imp (D:5)
  4 white imps
  6 ufetubi
  A dart slug (D:5)
  22 orcs
  6 bats
  6 endoplasms
  4 giant cockroaches
  9 goblins
  8 hobgoblins
  4 jackals (D:1)
  4 quokkas
  6 ball pythons
  A frilled lizard (D:1)
  10 kobolds
  4 rats
179 creatures vanquished.

Vanquished Creatures (others)
  A killer bee (D:9)
1 creature vanquished.

Grand Total: 180 creatures vanquished

Notes
Turn   | Place    | Note
-------+----------+-------------------------------------------
     0 | D:1      | whatisthis the Human Berserker began the quest for the Orb.
     0 | D:1      | Reached XP level 1. HP: 18/18 MP: 1/1
   378 | D:1      | Reached XP level 2. HP: 24/24 MP: 2/2
   848 | D:1      | Reached XP level 3. HP: 29/29 MP: 3/3
  2186 | D:3      | Found an iron altar of Okawaru.
  2214 | D:3      | Reached ** piety under Trog
  2263 | D:3      | Reached skill level 4 in Fighting
  2263 | D:3      | Reached XP level 4. HP: 25/37 MP: 4/4
  2526 | D:3      | Reached XP level 5. HP: 40/43 MP: 5/5
  2747 | D:3      | Found a basalt altar of Yredelemnul.
  2879 | D:4      | Found an ornate altar of the Wu Jian Council.
  2879 | D:4      | Found a hazy altar of Hepliaklqana.
  3126 | D:4      | Noticed Blork the orc
  3151 | D:4      | Killed Blork the orc
  3152 | D:4      | Reached skill level 5 in Fighting
  3152 | D:4      | Reached skill level 5 in Axes
  3152 | D:4      | Reached XP level 6. HP: 36/51 MP: 6/6
  3266 | D:4      | Noticed Robin
  3296 | D:4      | Killed Robin
  3655 | D:4      | Noticed Edmund
  3706 | D:4      | Killed Edmund
  3707 | D:4      | Reached XP level 7. HP: 52/57 MP: 7/7
  3828 | D:4      | Found a hide-covered altar of Uskayaw.
  3909 | D:4      | Noticed Grinder
  3913 | D:4      | Found a white marble altar of Elyvilon.
  3921 | D:4      | Killed Grinder
  3922 | D:4      | Reached skill level 6 in Fighting
  4439 | D:5      | Entered Level 5 of the Dungeon
  4514 | D:5      | Reached XP level 8. HP: 65/65 MP: 8/8
  4663 | D:5      | Found a shadowy altar of Dithmenos.
  4673 | D:5      | Reached skill level 7 in Fighting
  5076 | D:5      | Found a stormy altar of Qazlal.
  5297 | D:6      | Reached *** piety under Trog
  5384 | D:6      | Found a transporter.
  5611 | D:6      | Found a broken altar of Ashenzari.
  5629 | D:6      | Noticed Jeremiah
  5684 | D:6      | Reached skill level 8 in Fighting
  5685 | D:6      | Found a transporter.
  5832 | D:6      | Noticed Menkaure
  5839 | D:6      | Killed Menkaure
  5840 | D:6      | Reached XP level 9. HP: 65/75 MP: 9/9
  6187 | D:7      | Reached skill level 9 in Fighting
  6418 | D:7      | Found a staircase to the Ecumenical Temple.
  7013 | D:8      | Found Jutenis's Antique Weapon Shoppe.
  7573 | D:8      | Reached **** piety under Trog
  7574 | D:8      | Reached skill level 10 in Axes
  7578 | D:8      | Reached skill level 10 in Fighting
  7747 | D:8      | Reached XP level 10. HP: 75/85 MP: 10/10
  7886 | D:8      | Found a sparkling altar of Nemelex Xobeh.
  8219 | D:9      | Noticed Erolcha
  8288 | D:9      | Identified the +0 chain mail "Picerrist" {Will+ Int+2}
  8355 | D:9      | Noticed a two-headed ogre
  8374 | D:9      | Killed a two-headed ogre
  8534 | D:9      | Found Qiroh's Distillery.
  8693 | D:9      | Reached skill level 11 in Fighting
  8737 | D:9      | Found a sacrificial altar of Ru.
  8910 | D:9      | Found an ancient bone altar of Kikubaaqudgha.
  9131 | D:9      | Slain by Erolcha

Illustrated notes

Levels and vault maps discovered:
D:1:      lemuel_arrival_broad_hall, layout_loops_corners,
          ebering_dispersal_statue_hall, amcnicky_mini_rare_corridor_liquid
D:2:      layout_loops_corners
D:3:      layout_basic, mainiacjoe_overflow_surrounded_room, lemuel_tele_altar
D:4:      layout_layer_cave, mainiacjoe_overflow_chevrons,
          amethyst_overflow_temple_binary, elyvilon_altar_3, uniq_robin,
          uniq_edmund, uniq_grinder, uniq_blork_the_orc
D:5:      layout_rooms, lemuel_doored_altar, lemuel_round_altar, serial_demonic,
          serial_demonic_e, serial_demonic_e, serial_demonic_f,
          serial_demonic_g, serial_demonic_d, serial_demonic_f
D:6:      gammafunk_cloud_chamber, layout_loops_corners,
          ashenzari_conservatory_becter, bh_walls_and_bars, uniq_menkaure,
          uniq_jeremiah
D:7:      layout_loops_ring, minmay_temple_entry_drinking_statues,
          kennysheep_generic_room_2
D:8:      layout_rooms, mainiacjoe_overflow_paths, serial_shops,
          nicolae_stop_n_shop_1
D:9:      layout_irregular_city, nicolae_kikubaaqudgha_miasma_corner,
          pf_just_have_faith, serial_shops, shop, serial_park_tiny_2,
          kennysheep_cluttered_room, uniq_maurice, uniq_erolcha

Skill      XL: |  1  2  3  4  5  6  7  8  9 10 |
---------------+-------------------------------+-----
Fighting       | 4 5 6 8 10 11 | 11.2
Axes           | 4 5 6 8 10 | 10.3
Armour         | 4 |  4.8
Dodging        | |  2.0

Action                     |  1- 3 |  4- 6 |  7- 9 | 10-12 || total
---------------------------+-------+-------+-------+-------++-------
  Melee: Hand axe          |   128 |    63 |       |       ||   191
         Punch             |     1 |     1 |     3 |       ||     5
         War axe           |       |    54 |   292 |    65 ||   411
         Short sword       |       |       |     4 |    43 ||    47
         Broad axe         |       |       |       |     6 ||     6
  Throw: Stone             |       |     2 |     3 |       ||     5
         Dart              |       |       |     4 |     2 ||     6
 Invoke: Berserk           |     1 |     1 |     2 |     3 ||     7
         Trog's Hand       |       |     1 |     1 |     1 ||     3
  Evoke: Wand              |       |     3 |     6 |       ||     9
   Stab: Sleeping          |     1 |       |       |       ||     1
         Paralysed         |       |    12 |     8 |       ||    20
 Armour: Animal skin       |    41 |       |       |       ||    41
         Ring mail         |     9 |    95 |    71 |       ||   175
         Scale mail        |       |       |   192 |    19 ||   211
         Chain mail        |       |       |       |    69 ||    69
  Dodge: Dodged            |    98 |    74 |   196 |    39 ||   407
  Block: Buckler           |       |       |       |    12 ||    12

Table legend: (Time is in decaauts)
 A = Elapsed time spent in this place.
 B = Non-inter-level travel time spent in this place.
 C = Inter-level travel time spent in this place.
 D = Time resting spent in this place.
 E = Time spent auto-exploring this place.
 F = Levels seen in this place.
 G = Mean time per level.
                   A        B        C        D        E       F      G
               +--------+--------+--------+--------+--------+-----+--------+
         Total |   9252 |   8724 |    528 |   1230 |   5038 |   9 | 1028.0 |
       Dungeon |   9252 |   8724 |    528 |   1230 |   5038 |   9 | 1028.0 |
               +--------+--------+--------+--------+--------+-----+--------+

Top non-repeatable levels by time:
     D:4: 1502 daAuts
     D:8: 1169 daAuts
     D:7: 1163 daAuts
     D:3: 1089 daAuts
     D:1: 1052 daAuts
     D:2: 926 daAuts
     D:9: 919 daAuts
     D:5: 767 daAuts
     D:6: 662 daAuts
